 Dungeon Crawl Stone Soup version 0.31.0-12-g77e489cdc1 (webtiles) character file.

Game seed: 14605144404178796964

40947 Gabide the Impaler (level 13, -10/105 HPs)
             Began as a Demigod Hedge Wizard on Feb 28, 2024.
             Mangled by a boulder beetle (19 damage)
             ... on level 4 of the Lair of Beasts on Feb 29, 2024.
             The game lasted 01:19:08 (24625 turns).

Gabide the Impaler (Demigod Hedge Wizard)          Turns: 24625, Time: 01:19:08

Health: -10/105    AC: 23    Str: 27    XL:     13   Next: 42%
Magic:  0/26       EV: 17    Int: 16    God:
Gold:   928        SH:  0    Dex: 17    Spells: 15/24 levels left

rFire   + . .        a - +3 halberd
rCold   + . .        (shield currently unavailable)
rNeg    + . .        k - +0 ring mail
rPois   .            g - +4 helmet "Ifum" {rF+ rN+}
rElec   .            d - +1 cloak {Will+}
rCorr   .            s - +0 pair of gloves
SInv    .            v - +3 pair of mountain boots {steadfast, rC+}
Will    ++...        t - amulet of guardian spirit
Stlth   +            p - +4 ring of protection
HPRegen 0.37/turn    F - ring of Hospitality {EV+5 Dex+4}
MPRegen 0.20/turn

%: guardian spirit
@: silenced, inugami summoned
A: high MP 1, forlorn, divine attributes
a: no special abilities


You were on level 4 of the Lair of Beasts.
You visited 3 branches of the dungeon, and saw 16 of its levels.
You also visited: Gauntlet and Ice Cave.

You collected 928 gold pieces.

Inventory:

Hand Weapons
 a - a +3 halberd (weapon)
 b - a +2 orcbow of flaming
 x - a +3 battleaxe
Missiles
 i - 11 boomerangs
 y - a silver javelin
Armour
 d - a +1 cloak of willpower (worn)
 g - the +4 helmet "Ifum" (worn) {rF+ rN+}
   (You acquired it on level 1 of the Dungeon)

   rF+:       It protects you from fire.
   rN+:       It protects you from negative energy.
 h - a scarf of repulsion
 k - a +0 ring mail (worn)
 s - a +0 pair of gloves (worn)
 v - the +3 pair of mountain boots (worn) {steadfast, rC+}
   (You found it on level 3 of the Lair of Beasts)

   Steadfast: It prevents involuntary movement, except for blinking,
   teleportation, or banishment.
   rC+:       It protects you from cold.
Magical Staves
 P - a staff of earth
Jewellery
 j - a ring of positive energy
 l - a ring of resist corrosion
 p - a +4 ring of protection (left hand)
 t - an amulet of guardian spirit (around neck)
 w - a +6 ring of strength
 C - a ring of magical power
 F - the ring of Hospitality (right hand) {EV+5 Dex+4}
   (You found it in a Gauntlet)

   [ring of evasion]

   EV+5:      It affects your evasion (+5).
   Dex+4:     It affects your dexterity (+4).
 G - a +6 ring of dexterity
 H - an amulet of reflection
 J - a ring of poison resistance
 L - a ring of willpower
Talismans
 M - a dragon-blood talisman
Wands
 m - a wand of mindburst (12)
 n - a wand of polymorph (3)
 B - a wand of quicksilver (5)
 D - a wand of iceblast (8)
 K - a wand of flame (24)
Scrolls
 c - 3 scrolls of fog
 f - a scroll of revelation
 o - 2 scrolls of vulnerability
 q - 2 scrolls of identify
 u - 4 scrolls of teleportation
Potions
 e - 2 potions of mutation
 r - 2 potions of attraction
 z - 2 potions of enlightenment
 A - 5 potions of cancellation
 I - 2 potions of curing
 N - a potion of might {unknown}


   Skills:
 + Level 7.2 Fighting
 - Level 18.0 Polearms
 + Level 7.1 Armour
 - Level 3.0 Dodging
 - Level 3.0 Stealth
 - Level 6.0 Spellcasting
 - Level 1.0 Conjurations
 - Level 3.0 Summonings
 - Level 1.0 Translocations


You had 15 spell levels left.
You knew the following spells:

 Your Spells              Type           Power      Damage    Failure   Level
a - Magic Dart            Conj           32%        1d4       13%         1
b - Slow                  Hex            16%        N/A       19%         1
c - Call Imp              Summ           28%        N/A       9%          2
d - Blink                 Tloc           16%        N/A       19%         2
e - Call Canine Familiar  Summ           14%        N/A       17%         3

Your spell library contained the following spells:

 Spells                   Type           Power      Damage    Failure   Level
 Foxfire                  Conj/Fire      24%        2x1d5     16%         1
 Cigotuvi's Dreadful Rot  Necr/Alch/Air  8%         N/A       28%         2
 Gell's Gravitas          Tloc           8%         N/A       36%         3
 Teleport Other           Tloc           8%         N/A       36%         3
 Dazzling Flash           Conj/Hex       12%        N/A       43%         3
 Volatile Blastmotes      Fire/Tloc      12%        2d11      43%         3
 Mephitic Cloud           Conj/Alch/Air  5%         N/A       45%         3
 Fugue of the Fallen      Necr           4%         N/A       50%         3
 Ozocubu's Armour         Ice            4%         N/A       50%         3
 Sigil of Binding         Hex            4%         N/A       50%         3
 Summon Blazeheart Golem  Fire/Summ      9%         N/A       71%         4
 Manifold Assault         Tloc           8%         N/A       77%         4
 Dimensional Bullseye     Hex/Tloc       3%         N/A       83%         4
 Vhi's Electric Charge    Tloc/Air       12%        N/A       83%         4
 Summon Forest            Summ/Tloc      5%         N/A       93%         5
 Arcjolt                  Conj/Air       3%         1d13      99%         5
 Dispersal                Tloc           4%         N/A       100%        6
 Eringya's Noxious Bog    Alch           2%         4d6       100%        6
 Plasma Beam              Fire/Air       2%         2x1d12    100%        6
 Starburst                Conj/Fire      3%         6d3       100%        6
 Orb of Destruction       Conj           4%         9d5       100%        7
 Spellforged Servitor     Conj/Summ      5%         N/A       100%        7
 Summon Hydra             Summ           7%         N/A       100%        7
 Maxwell's Capacitive Co  Air            2%         ∞         100%        8


Dungeon Overview and Level Annotations

Branches:
Dungeon (11/15)            Temple (1/1) D:7            Lair (4/5) D:9
  Swamp (0/4) Lair:3       Spider (0/4) Lair:3        IceCv (visited)
Gauntlet (visited)
  Slime: Lair:4-5       Orc: D:9-12

Shops:
D:2 *

Annotations:
D:11 Urug


Innate Abilities, Weirdness & Mutations

You have an increased reservoir of magic. (+10% MP)
You shall have no god before yourself.
Your divine heritage dramatically boosts your attributes as you level up.


Message History

The skyshark tail-slaps you but does no damage. x2
Your inugami hits the skyshark but does no damage.
Your magical contamination has completely faded away.
You slash the skyshark!
The skyshark is moderately wounded.
The skyshark is no longer berserk.
The skyshark bites you but does no damage.
The skyshark tail-slaps you but does no damage. x2
Your inugami hits the skyshark. You hit the skyshark.
The skyshark is moderately wounded.
The skyshark bites you.
* * * LOW HITPOINT WARNING * * *
The skyshark tail-slaps you but does no damage.
The skyshark closely misses you.
You barely miss the skyshark.
The skyshark is moderately wounded.
Your inugami hits the skyshark but does no damage.
You slice the skyshark!!
The skyshark is severely wounded.
The skyshark bites you but does no damage.
The skyshark barely misses you. The skyshark tail-slaps you.
* * * LOW HITPOINT WARNING * * *
Your inugami hits the skyshark! Your inugami hits the skyshark.
The boulder beetle curls into a ball and begins rolling!
Your inugami hits the skyshark.
The skyshark looks more energetic.
You completely miss the skyshark.
The skyshark is almost dead.
The boulder beetle stops rolling and uncurls.
The skyshark closely misses you. The skyshark misses you.
The skyshark barely misses you.
You barely miss the skyshark.
The skyshark is almost dead.
You slice the skyshark!!
You kill the skyshark!
The boulder beetle curls into a ball and begins rolling!
The boulder beetle hits you!!
You die...

### ####### #
###.###.##.<##.###
####.P..........†...#
###.....@......[.####...#
#.#.##.##B.####..# .
#....###○.# ##.P.#
##....h○°..# #.....
##.....###P.# ...###.#
####.#..### ##...# .<## #
#P....#.#.###........#
##...○>...............
#......P#####......


You could see a boulder beetle (rolling, unsilenced).

Vanquished Creatures
  Snorg (D:11)
  A catoblepas (Lair:3)
  A two-headed ogre (D:9)
  11 death yaks
  An occultist (Gauntlet)
  A fire crab (Gauntlet)
  A skyshark (Lair:4)
  An arcanist (Gauntlet)
  2 lightning spires (Gauntlet)
  4 black mambas
  An ice statue (IceCv)
  10 cane toads
  3 komodo dragons
  7 rime drakes
  A kobold demonologist (D:10)
  3 polar bears (IceCv)
  A tyrant leech (Lair:3)
  A raiju (Gauntlet)
  13 blink frogs
  Grinder (D:5)
  5 dream sheep (Lair:3)
  Prince Ribbit (D:6)
  44 yaks
  A wyvern (Lair:2)
  2 basilisks
  3 fire bats (Gauntlet)
  3 redbacks (Lair:3)
  A steam dragon (D:8)
  2 acid dragons
  10 water moccasins
  A swamp worm (Lair:3)
  6 nameless horrors
  5 orc warriors
  2 black bears
  2 ogres (D:6)
  17 wolves
  4 centaurs
  A lemure (D:6)
  2 kobold brigands
  13 bullfrogs
  4 scorpions
  8 wights
  22 killer bees
  An electric eel (D:6)
  A howler monkey (D:8)
  A bombardier beetle (D:3)
  2 quasits (D:6)
  A lava snake (D:9)
  A hound (D:6)
  6 orc priests
  3 jellies
  4 gnoll boudas
  A sleepcap (D:6)
  8 hell rats
  3 iguanas (D:5)
  10 orc wizards
  21 gnolls
  7 adders
  A river rat (D:9)
  7 shadow imps
  3 white imps
  4 ufetubi (D:6)
  2 dart slugs
  2 ribbon worms
  40 orcs
  6 endoplasms
  A giant cockroach (D:4)
  3 goblins
  2 hobgoblins (D:1)
  4 quokkas
  8 ball pythons
  8 bats
  2 frilled lizards (D:3)
  14 kobolds
  10 rats
411 creatures vanquished.

Vanquished Creatures (collateral kills)
  Pikel (D:6)
  Maurice (D:7)
  A polar bear (Lair:1)
  A nameless horror (D:7)
  A yak (D:9)
  An ogre (D:5)
  A wolf (Lair:1)
  A centaur (D:8)
  A bullfrog (Lair:2)
  A wight (D:8)
  An electric eel (D:6)
  2 quasits (D:6)
  A bombardier beetle (D:6)
  An iguana (D:5)
  2 gnolls (D:6)
  A shadow imp (D:6)
  An ufetubus (D:6)
  3 orcs (D:6)
  A giant cockroach (D:2)
  A goblin (D:3)
  A bat (D:2)
25 creatures vanquished.

Vanquished Creatures (others)
  A two-headed ogre (D:11)
  A black mamba (D:9)
  A gnoll (D:6)
  A shadow imp (Gauntlet)
4 creatures vanquished.

Grand Total: 440 creatures vanquished

Notes
Turn   | Place    | Note
-------+----------+-------------------------------------------
     0 | D:1      | Gabide the Demigod Hedge Wizard began the quest for the
                  | Orb.
     0 | D:1      | Reached XP level 1. HP: 14/14 MP: 6/6
   136 | D:1      | Learned a level 1 spell: Slow
   171 | D:1      | Reached skill level 1 in Summonings
   171 | D:1      | Reached skill level 1 in Translocations
   200 | D:1      | Reached skill level 1 in Conjurations
   503 | D:1      | Reached XP level 2. HP: 18/22 MP: 1/8
   819 | D:1      | Identified a scroll of acquirement
   819 | D:1      | Acquired the +4 helmet "Ifum" {rF+ rN+}
  1119 | D:2      | Learned a level 2 spell: Call Imp
  1209 | D:2      | Reached skill level 1 in Fighting
  1571 | D:2      | Found Dofes's General Store.
  1609 | D:2      | Reached XP level 3. HP: 26/28 MP: 7/10
  2242 | D:3      | Reached XP level 4. HP: 18/36 MP: 4/11
  2525 | D:3      | Reached skill level 1 in Armour
  3034 | D:3      | Reached XP level 5. HP: 37/42 MP: 12/12
  3266 | D:3      | Learned a level 2 spell: Blink
  5026 | D:5      | Entered Level 5 of the Dungeon
  5026 | D:5      | Noticed a centaur
  5034 | D:5      | Killed a centaur
  5035 | D:5      | Reached XP level 6. HP: 49/51 MP: 13/13
  5266 | D:5      | Noticed Grinder
  5303 | D:5      | Killed Grinder
  5304 | D:5      | Reached skill level 2 in Polearms
  5304 | D:5      | Reached XP level 7. HP: 44/57 MP: 3/14
  5428 | D:5      | Reached skill level 3 in Polearms
  5555 | D:5      | Learned a level 3 spell: Call Canine Familiar
  5576 | D:5      | Reached skill level 4 in Polearms
  5726 | D:5      | Reached skill level 5 in Polearms
  6306 | D:6      | Reached XP level 8. HP: 48/63 MP: 7/15
  6384 | D:6      | Reached skill level 6 in Polearms
  6870 | D:6      | Reached skill level 7 in Polearms
  7282 | D:6      | Noticed Pikel
  7304 | D:6      | Killed Pikel
  7305 | D:6      | Reached skill level 8 in Polearms
  7525 | D:6      | Noticed a nameless horror
  7558 | D:5      | Killed a nameless horror
  7784 | D:6      | Reached skill level 9 in Polearms
  7784 | D:6      | Reached XP level 9. HP: 27/69 MP: 5/16
  7926 | D:6      | Noticed Prince Ribbit
  7934 | D:6      | Killed Prince Ribbit
  8504 | D:7      | Noticed Maurice
  8534 | D:7      | Something stole a +1 trident of flaming
  8537 | D:7      | Something stole 2 silver javelins
  8544 | D:7      | Something stole 222 gold
  8551 | D:7      | Killed Maurice
  8552 | D:7      | Reached skill level 10 in Polearms
  8715 | D:7      | Found a staircase to the Ecumenical Temple.
  8793 | Temple   | Entered the Ecumenical Temple
  8853 | D:7      | Noticed a nameless horror
  8870 | D:7      | Killed a nameless horror
  9429 | D:7      | Reached skill level 11 in Polearms
 10562 | D:8      | Reached skill level 12 in Polearms
 10562 | D:8      | Reached XP level 10. HP: 53/77 MP: 17/17
 11072 | D:9      | Noticed a death yak
 11095 | D:9      | Noticed a death yak
 11107 | D:9      | Noticed a death yak
 11128 | D:8      | Killed a death yak
 11129 | D:8      | Reached skill level 13 in Polearms
 11245 | D:8      | Killed a death yak
 11710 | D:9      | Identified the +6 dagger of Certain Death {speed, *Slow
                  | rElec Str-4 Dex+8}
 11716 | D:9      | Noticed a two-headed ogre
 11732 | D:9      | Killed a two-headed ogre
 11806 | D:9      | Reached skill level 14 in Polearms
 12212 | D:9      | Found a staircase to the Lair.
 12571 | D:9      | Killed a death yak
 12850 | D:9      | Noticed an angel
 12900 | D:10     | Entered Level 10 of the Dungeon
 12966 | Lair:1   | Entered Level 1 of the Lair of Beasts
 12978 | Lair:1   | Reached XP level 11. HP: 69/82 MP: 19/19
 14159 | D:10     | Reached skill level 15 in Polearms
 15066 | D:11     | Noticed Snorg
 15073 | D:11     | Killed Snorg
 15209 | D:11     | Noticed a two-headed ogre
 15230 | D:11     | Noticed Urug
 15478 | D:9      | Reached skill level 16 in Polearms
 16601 | Lair:1   | Reached skill level 17 in Polearms
 16749 | Lair:1   | Reached XP level 12. HP: 63/89 MP: 20/20
 17562 | Lair:2   | Found a frozen archway.
 17572 | IceCv    | Entered an ice cave
 18071 | IceCv    | Reached skill level 18 in Polearms
 20674 | IceCv    | Noticed a frost giant
 21106 | Lair:2   | Reached skill level 5 in Fighting
 21118 | Lair:2   | Reached skill level 5 in Armour
 21643 | Lair:2   | Reached skill level 5 in Spellcasting
 21984 | Lair:3   | Found the +3 pair of mountain boots {steadfast, rC+}
 22106 | Lair:3   | Found a staircase to the Swamp.
 22138 | Lair:3   | Reached XP level 13. HP: 100/101 MP: 24/24
 22241 | Lair:3   | Found a gate leading to a gauntlet.
 22260 | Gauntlet | Entered a Gauntlet
 22260 | Gauntlet | Found a transporter.
 22260 | Gauntlet | Found a transporter.
 22279 | Gauntlet | Found a transporter.
 22279 | Gauntlet | Found a transporter.
 22282 | Gauntlet | Found a transporter.
 22282 | Gauntlet | Found a transporter.
 22292 | Gauntlet | Found a transporter.
 22296 | Gauntlet | Found a transporter.
 22302 | Gauntlet | Noticed a dire elephant
 22312 | Gauntlet | Found a transporter.
 22312 | Gauntlet | Found a transporter.
 22330 | Gauntlet | Found a transporter.
 22334 | Gauntlet | Found a transporter.
 22852 | Gauntlet | Identified the ring of Hospitality {EV+5 Dex+4}
 23142 | Gauntlet | Noticed a minotaur
 23466 | Lair:3   | Found a hole to the Spider Nest.
 24542 | Lair:4   | Identified the scarf of Jetahura {harm, rElec rPois Will-
                  | Dex+2}
 24599 | Lair:4   | HP: 5/105 [skyshark (1)]
 24600 | Lair:4   | HP: 2/105 [skyshark (2)]
 24606 | Lair:4   | HP: 2/105 [skyshark (1)]
 24625 | Lair:4   | Mangled by a boulder beetle

Illustrated notes

Levels and vault maps discovered:
D:1:      scummos_arrival_gate, layout_basic, serial_rivers,
          chequers_serial_rivers_large_b, chequers_serial_rivers_micro_b,
          chequers_serial_rivers_micro_e, chequers_serial_rivers_room_a,
          chequers_serial_rivers_small_b
D:2:      layout_basic, serial_shops, nicolae_square_shop,
          shapermc_ecumenical_altar_petra
D:3:      layout_basic, serial_corexii_hall, corexii_hall_statues_x,
          chequers_hall_statues_y, minmay_misc_feat_diagonals
D:4:      layout_basic, nicolae_vehumet_radiance, grunt_decor_mini_mirrors
D:5:      layout_loops_ring, tso_oasis_becter, mainiacjoe_overflow_alcove_2,
          mainiacjoe_overflow_concentric_impassable, uniq_grinder
D:6:      layout_basic, nicolae_wu_jian_wuxing_cycle, serial_demonic,
          serial_demonic_f, serial_demonic_f, serial_demonic_d,
          serial_demonic_c, serial_demonic_d, serial_demonic_d,
          serial_demonic_b, serial_demonic_f, uniq_prince_ribbit1, uniq_pikel
D:7:      layout_gridville, kennysheep_little_box,
          mainiacjoe_overflow_cross_hatched, mainiacjoe_overflow_paths,
          minmay_temple_entry_tees, uniq_maurice
D:8:      layout_loops_cross, mainiacjoe_overflow_brackets,
          kennysheep_generic_room_13
D:9:      layout_long_grid, nicolae_uskayaw_suspiria, zin_angel,
          dpeg_lair_monsters, grunt_decor_junction
D:10:     layout_roguey, nicolae_ashenzari_skybound
D:11:     layout_loops_ring, serial_bayou_pond_b, uniq_snorg, uniq_urug
Temple:   hellmonk_temple_micro_hex
Lair:1:   layout_gridlike, lemuel_another_geyser, grunt_megastairs_2,
          lemuel_fruit_tree
Lair:2:   layout_roguey, portal_ice_cave_rime, infiniplex_staircase_pool_2
Lair:3:   layout_gridlike, minmay_swamp_entry_worms, spider_nest_entry_webs,
          gauntlet_entry_generic
Lair:4:   layout_loops_ring

Skill      XL: |  1  2  3  4  5  6  7  8  9 10 11 12 13 |
---------------+----------------------------------------+-----
Summonings     | 1 2 3 |  3.0
Translocations | 1 |  1.0
Conjurations   | 1 |  1.0
Stealth        | 2 3 |  3.0
Fighting       | 1 2 3 5 7 |  7.2
Dodging        | 2 3 |  3.0
Spellcasting   | 3 5 6 |  6.0
Armour         | 1 2 3 5 7 |  7.1
Polearms       | 2 5 9 12 14 17 18 | 18.0

Action                     |  1- 3 |  4- 6 |  7- 9 | 10-12 | 13-15 || total
---------------------------+-------+-------+-------+-------+-------++-------
  Melee: Dagger            |    12 |       |       |       |       ||    12
         Short sword       |    67 |   155 |       |       |       ||   222
         Spear             |       |    44 |   452 |   472 |       ||   968
         Trident           |       |     2 |       |       |       ||     2
         Punch             |       |       |     6 |     4 |       ||    10
         Halberd           |       |       |    94 |   939 |   256 ||  1289
         Battleaxe         |       |       |       |     7 |       ||     7
   Fire: Orcbow            |       |       |    44 |    78 |       ||   122
  Throw: Boomerang         |       |     1 |     2 |       |       ||     3
         Dart              |       |       |       |     2 |       ||     2
         Javelin           |       |       |       |     1 |       ||     1
   Cast: Magic Dart        |    48 |    46 |     6 |       |       ||   100
         Call Imp          |     9 |     4 |    13 |    11 |     2 ||    39
         Slow              |    10 |    25 |     3 |       |       ||    38
         Blink             |       |     1 |     1 |     3 |     4 ||     9
         Call Canine Famil |       |       |    24 |    27 |     3 ||    54
  Evoke: Wand              |       |       |       |    30 |     6 ||    36
    Use: Scroll            |     7 |     8 |     9 |    10 |     5 ||    39
         Potion            |       |     3 |     2 |    11 |     4 ||    20
   Stab: Sleeping          |       |     2 |     1 |     3 |     2 ||     8
         Distracted        |       |       |     1 |     7 |       ||     8
 Armour: Robe              |    16 |       |       |       |       ||    16
         Ring mail         |    44 |   152 |   407 |   862 |   239 ||  1704
  Dodge: Dodged            |    65 |   117 |   309 |   636 |   214 ||  1341
